 Dungeon Crawl Stone Soup version 0.25.1-2-g60ff931 (webtiles) character file.

Game seed: 910630919213443874

35917 Atlas the Thaumaturge (level 13, 0/94 HPs)
             Began as a Mummy Ice Elementalist on Sept 9, 2020.
             Was an Initiate of Gozag.
             Slain by a white ugly thing (11 damage)
             ... on level 13 of the Dungeon on Sept 10, 2020.
             The game lasted 00:39:45 (23210 turns).

Atlas the Thaumaturge (Mummy Ice Elementalist)     Turns: 23210, Time: 00:39:46

Health: 0/94       AC:  7    Str: 14    XL:     13   Next: 50%
Magic:  22/30      EV: 15    Int: 18    God:    Gozag
Gold:   1676       SH:  4    Dex: 14    Spells: 28/39 levels left

rFire    . . .     SeeInvis .   q - +3 spear (venom)
rCold    + + .     Gourm    .   E - +0 buckler
rNeg     + + +     Faith    .   g - +1 robe {rC+ rF+}
rPois    ∞         Spirit   .   b - +0 helmet
rElec    .         Reflect  .   B - +1 cloak {MR+}
rCorr    +         Harm     .   A - +0 pair of gloves {Str+3}
MR       ++...                  (no boots)
Stlth    +++.......             (no amulet)
HPRegen  0.25/turn              j - ring of resist corrosion
MPRegen  0.22/turn              t - ring of flight

@: no status effects
A: no food or potions, fire vulnerability, cold resistance 1, negative energy
resistance 3, torment resistance, unbreathing, in touch with death 1
a: Potion Petition, Call Merchant, Bribe Branch, Renounce Religion, Evoke Flight


You were on level 13 of the Dungeon.
You worshipped Gozag.
Gozag was most pleased with you.
You were not hungry.

You visited 1 branch of the dungeon, and saw 14 of its levels.

You collected 4087 gold pieces.
You spent 363 gold pieces at shops.
You paid 2048 gold pieces to Gozag.

Inventory:

Hand Weapons
 q - a +3 spear of venom (weapon)
 v - a +4 flail of protection
Missiles
 s - 3 atropa-tipped darts (quivered)
Armour
 b - a +0 helmet (worn)
 g - a +1 robe of resistance (worn)
 A - a +0 pair of gloves of strength (worn)
 B - a +1 cloak of magic resistance (worn)
 E - a +0 buckler (worn)
Jewellery
 a - an uncursed ring of protection from cold
 j - a ring of resist corrosion (left hand)
 k - an uncursed ring of stealth
 t - a ring of flight (right hand)
Wands
 d - a wand of enslavement (8)
 e - a wand of paralysis (7)
 r - a wand of clouds (6)
 w - a wand of acid (5)
 x - a wand of disintegration (18)
 y - a wand of random effects (11)
 D - a wand of digging (6)
Scrolls
 c - 3 scrolls of fear
 f - 4 scrolls of blinking
 h - 4 scrolls of fog
 i - 8 scrolls of amnesia
 l - 2 scrolls of immolation
 m - 5 scrolls of remove curse
 n - a scroll of enchant weapon
 o - 4 scrolls of teleportation
 p - 4 scrolls of enchant armour
 z - 5 scrolls of identify
 C - a scroll of vulnerability
 F - a scroll of magic mapping


   Skills:
 + Level 6.5 Fighting
 + Level 8.6 Polearms
 + Level 1.3 Armour
 + Level 6.0 Dodging
 + Level 6.1 Stealth
 + Level 0.8 Shields
 + Level 0.7 Unarmed Combat
 + Level 13.8 Spellcasting
 + Level 2.2 Charms
 + Level 4.4 Summonings
 + Level 10.2 Ice Magic
 + Level 0.6 Evocations


You had 28 spell levels left.
You knew the following spells:

 Your Spells              Type           Power        Failure   Level  Hunger
a - Freeze                Ice            ####         1%          1    N/A
b - Frozen Ramparts       Ice            #####.       1%          3    N/A
c - Ozocubu's Armour      Chrm/Ice       #####...     1%          3    N/A
d - Summon Ice Beast      Ice/Summ       #####...     3%          4    N/A

Your spell library contained the following spells:

 Spells                   Type           Power        Failure   Level  Hunger
 Infusion                 Chrm           ###.         3%          1    N/A
 Song of Slaying          Chrm           ###.....     4%          2    N/A
 Magic Dart               Conj           ##..         8%          1    N/A
 Shroud of Golubria       Chrm/Tloc      ###...       8%          2    N/A
 Hailstorm                Conj/Ice       ####....     10%         4    N/A
 Searing Ray              Conj           ##....       12%         2    N/A
 Spectral Weapon          Hex/Chrm       ###.....     14%         3    N/A
 Dazzling Flash           Conj/Hex       ##....       24%         3    N/A
 Fulminant Prism          Conj/Hex       ##........   61%         4    N/A
 Iskenderun's Mystic Bla  Conj/Tloc      ##......     61%         4    N/A

Dungeon Overview and Level Annotations

Branches:
Dungeon (14/15)            Temple (0/1) D:7            Lair (0/6) D:9
    Orc (0/2) D:11         Vaults (0/5) D:14

Altars:
Ashenzari
Dithmenos
Elyvilon
Gozag
Kikubaaqudgha
Makhleb
Nemelex Xobeh
Okawaru
Ru
Sif Muna
Trog
Uskayaw
Wu Jian
Xom

Shops:
D:10 [   D:13 =

Annotations:
D:6 Menkaure


Innate Abilities, Weirdness & Mutations

You do not eat or drink.
Your flesh is vulnerable to fire.
You are immune to poison.
Your flesh is cold resistant. (rC+)
You are immune to negative energy. (rN+++)
You are immune to unholy pain and torment.
You can survive without breathing.
You are in touch with the powers of death.


Message History

A chill wind blows around you.
Your ice beast hits the white ugly thing.
Your ice beast freezes the white ugly thing!
The white ugly thing resists.
Your ice beast closely misses the white ugly thing.
Your ice beast completely misses the white ugly thing.
The white ugly thing headbutts you. The white ugly thing freezes you!
You resist.
* * * LOW HITPOINT WARNING * * *
The white ugly thing barely misses you.
Your ice beast hits the white ugly thing.
Your ice beast freezes the white ugly thing.
The white ugly thing resists.
Casting: Summon Ice Beast (dangerous; 3% risk of failure)
Confirm with . or Enter, or press ? or * to list all spells.
A chill wind blows around you. The white ugly thing headbutts you!
* * * LOW HITPOINT WARNING * * *
The white ugly thing freezes you! You resist.
You die...
Your body crumbles into a pile of gold.

#......................#######
#..................#####.....#
####.............###'##.........#
......>..........#...∩..........'
.................#.<........^...#
............Y.Y..#..............#
)............Y.Y.#..............#
.......#########u#.....###......#
.......#.......#@#.....'.#......#
.......#.......+.#######.########
......Y#.......#.................
.......#.......#.....)...........
.......#.......#..)..............
.......#.......#.................
.......######'##...........######
.........Y.................#
...............######'##...#


You could see a white ugly thing and 2 friendly ice beasts.

Vanquished Creatures
  A hydra (D:12)
  A catoblepas (D:13)
  A tengu warrior (D:13)
  2 two-headed ogres
  Nergalle (D:10)
  4 unseen horrors
  12 ugly things
  Pikel (D:6)
  A deep elf mage (D:14)
  2 cyclopes (D:12)
  A wolf spider (D:13)
  A manticore (D:14)
  2 centaur zombies
  Psyche (D:12)
  2 gargoyles
  Joseph (D:8)
  2 centaur skeletons (D:12)
  A komodo dragon (D:12)
  A meliai (D:12)
  3 trolls
  3 hornets
  A tarantella (shapeshifter) (D:14)
  A spriggan (shapeshifter) (D:11)
  A water elemental (D:14)
  3 vampires
  A wraith (D:11)
  A wyvern (D:12)
  19 yaks
  3 hogs (D:7)
  A human (D:7)
  A steam dragon (D:8)
  Edmund (D:6)
  4 porcupines (D:9)
  5 sky beasts
  10 ice beasts
  6 orc warriors
  4 slaves (D:6)
  4 black bears
  8 ogres
  2 phantoms
  A wolf (D:9)
  3 eyes of draining
  9 centaurs
  A crocodile (shapeshifter) (D:14)
  3 crocodiles (D:9)
  4 big kobolds
  16 bullfrogs
  A gnoll sergeant (D:11)
  2 water moccasin zombies
  7 scorpions
  4 killer bees (D:12)
  A wight (D:12)
  A nameless horror (D:14)
  A howler monkey (D:6)
  11 crimson imps
  A bullfrog zombie (D:13)
  A hound (D:5)
  2 quasits (D:12)
  4 jellies
  5 orc priests
  Crazy Yiuf (D:2)
  20 orc wizards
  A bullfrog skeleton (D:13)
  Jessica (D:2)
  3 iguanas
  Natasha (twice) (D:2)
  10 worker ants
  A hound skeleton (D:11)
  A howler monkey zombie (D:7)
  A worker ant zombie (D:4)
  12 gnolls
  2 howler monkey skeletons (D:10)
  25 adders
  4 shadow imps
  3 worms
  A dart slug (D:1)
  7 leopard geckos
  49 orcs
  3 bats
  4 giant cockroaches
  11 goblins
  12 hobgoblins
  12 jackals
  36 kobolds
  7 quokkas
  8 frilled lizards
  A leopard gecko zombie (D:6)
  8 rats
  3 fungi (D:2)
447 creatures vanquished.

Vanquished Creatures (collateral kills)
  A yaktaur captain (D:12)
  A hydra (D:12)
  A two-headed ogre (D:13)
  A centaur warrior (D:13)
  A tengu warrior (D:14)
  An orc knight (D:13)
  A deep elf mage (D:13)
  6 ugly things
  2 cyclopes (D:12)
  An efreet (D:12)
  A troll (D:11)
  A hippogriff (D:12)
  A meliai zombie (D:14)
  6 yaks
  A hungry ghost (D:12)
  2 ogres (D:11)
  A bullfrog (D:14)
  An iguana (D:12)
  An orc (D:11)
31 creatures vanquished.

Grand Total: 478 creatures vanquished

Notes
Turn   | Place    | Note
-------+----------+-------------------------------------------
     0 | D:1      | Atlas the Mummy Ice Elementalist began the quest for the
                  | Orb.
     0 | D:1      | Reached XP level 1. HP: 13/13 MP: 4/4
   199 | D:1      | Reached XP level 2. HP: 18/19 MP: 2/5
   393 | D:1      | Reached skill level 3 in Spellcasting
   830 | D:2      | Reached XP level 3. HP: 13/24 MP: 1/7
   963 | D:1      | Learned a level 3 spell: Frozen Ramparts
   967 | D:1      | Learned a level 3 spell: Ozocubu's Armour
  1661 | D:2      | Reached XP level 4. HP: 20/30 MP: 2/9
  1986 | D:2      | Reached skill level 4 in Spellcasting
  2245 | D:2      | Noticed Natasha
  2257 | D:2      | Killed Natasha
  2257 | D:2      | Reached skill level 1 in Fighting
  2349 | D:2      | Found a sacrificial altar of Ru.
  2481 | D:2      | Noticed Natasha
  2485 | D:2      | Killed Natasha
  2485 | D:2      | Reached XP level 5. HP: 30/37 MP: 8/12
  2688 | D:2      | Found an opulent altar of Gozag.
  2717 | D:2      | Became a worshipper of Gozag Ym Sagoz the Greedy
  2984 | D:2      | Noticed Jessica
  2989 | D:2      | Reached skill level 5 in Spellcasting
  2990 | D:2      | Killed Jessica
  3361 | D:2      | Found a runed translucent door.
  3362 | D:2      | Noticed Crazy Yiuf
  3370 | D:2      | Killed Crazy Yiuf
  3527 | D:3      | Reached XP level 6. HP: 41/43 MP: 6/14
  3690 | D:3      | Reached skill level 1 in Armour
  3839 | D:3      | Reached skill level 6 in Spellcasting
  3996 | D:2      | Learned a level 4 spell: Summon Ice Beast
  4213 | D:3      | Found an iron altar of Okawaru.
  4457 | D:3      | Reached skill level 5 in Ice Magic
  4679 | D:3      | Reached XP level 7. HP: 43/48 MP: 12/16
  5247 | D:4      | Found a hide-covered altar of Uskayaw.
  5732 | D:5      | Entered Level 5 of the Dungeon
  5758 | D:5      | Reached skill level 7 in Spellcasting
  6053 | D:5      | Reached skill level 1 in Polearms
  6185 | D:5      | Reached XP level 8. HP: 54/54 MP: 10/19
  6437 | D:5      | Reached skill level 1 in Charms
  7001 | D:6      | Noticed Pikel
  7021 | D:6      | Killed Pikel
  7021 | D:6      | Reached skill level 8 in Spellcasting
  7211 | D:6      | Reached XP level 9. HP: 58/62 MP: 17/21
  7236 | D:6      | Found an ancient bone altar of Kikubaaqudgha.
  7510 | D:6      | Noticed Menkaure
  7988 | D:6      | Noticed Edmund
  7995 | D:6      | Killed Edmund
  8446 | D:6      | Found a bloodstained altar of Trog.
  8768 | D:7      | Found a burning altar of Makhleb.
  8777 | D:7      | Found a staircase to the Ecumenical Temple.
  8805 | D:7      | Found a shimmering altar of Xom.
  9183 | D:7      | Reached skill level 9 in Spellcasting
  9541 | D:7      | Reached skill level 5 in Polearms
  9543 | D:7      | Reached XP level 10. HP: 60/70 MP: 20/23
  9629 | D:8      | Noticed Joseph
  9708 | D:8      | Killed Joseph
  9780 | D:8      | Found a shattered altar of Ashenzari.
 10247 | D:8      | Noticed a two-headed ogre
 10401 | D:8      | Killed a two-headed ogre
 10755 | D:8      | Found a white marble altar of Elyvilon.
 10781 | D:8      | Found a shimmering blue altar of Sif Muna.
 11098 | D:8      | Found a sparkling altar of Nemelex Xobeh.
 11464 | D:9      | Reached skill level 1 in Summonings
 11541 | D:9      | Found a shadowy altar of Dithmenos.
 11563 | D:9      | Found a staircase to the Lair.
 11574 | D:9      | Reached skill level 5 in Stealth
 11721 | D:9      | Reached skill level 10 in Spellcasting
 12179 | D:9      | Found an ornate altar of the Wu Jian Council.
 12230 | D:9      | Reached XP level 11. HP: 78/78 MP: 23/25
 12294 | D:10     | Entered Level 10 of the Dungeon
 12339 | D:10     | Noticed a two-headed ogre
 12348 | D:10     | Killed a two-headed ogre
 12639 | D:10     | Bought a +0 pair of gloves of strength for 149 gold pieces
 12639 | D:10     | Bought a +1 cloak of magic resistance for 214 gold pieces
 13179 | D:10     | Noticed Nergalle
 13204 | D:10     | Killed Nergalle
 13441 | D:10     | Reached skill level 5 in Fighting
 14211 | D:11     | Reached skill level 11 in Spellcasting
 14518 | D:11     | Found a staircase to the Orcish Mines.
 14823 | D:11     | Noticed a white ugly thing
 14825 | D:11     | Noticed a green ugly thing
 14848 | D:11     | Killed a green ugly thing
 14859 | D:11     | Killed a green ugly thing
 14859 | D:11     | Reached skill level 5 in Dodging
 15383 | D:11     | Noticed a green ugly thing
 15394 | D:11     | Killed a green ugly thing
 15634 | D:12     | Killed an unseen horror
 15637 | D:12     | Noticed a red ugly thing
 15643 | D:12     | Reached XP level 12. HP: 34/86 MP: 13/27
 16759 | D:12     | Noticed Psyche
 16773 | D:12     | Killed Psyche
 16792 | D:12     | Reached skill level 12 in Spellcasting
 17458 | D:12     | Noticed an eight-headed hydra
 17462 | D:12     | Noticed an eight-headed hydra
 17475 | D:12     | Killed an eight-headed hydra
 17520 | D:12     | Killed an eight-headed hydra
 17918 | D:12     | Noticed an iron dragon
 18107 | D:12     | Noticed a yaktaur captain
 18129 | D:12     | Killed a yaktaur captain
 18957 | D:13     | Noticed a catoblepas
 18979 | D:13     | Killed a catoblepas
 18979 | D:13     | Reached skill level 13 in Spellcasting
 19536 | D:13     | Noticed a two-headed ogre
 19545 | D:13     | Killed a two-headed ogre
 20218 | D:13     | Noticed a tengu warrior
 20266 | D:13     | Noticed a centaur warrior
 20278 | D:13     | Gained mutation: You are in touch with the powers of death.
                  | [Mummy growth]
 20278 | D:13     | Reached XP level 13. HP: 72/93 MP: 20/30
 21195 | D:14     | Found a gate to the Vaults.
 21667 | D:14     | Reached skill level 10 in Ice Magic
 23210 | D:13     | Slain by a white ugly thing

Illustrated notes

Levels and vault maps discovered:
D:1:      ncdulo_watergridlock, layout_loops_cross
D:2:      minmay_spotlight, layout_loops_corners, grunt_gozag_breadcrumbs,
          st_stairs_9, nicolae_ru_the_path_less_chosen, uniq_jessica,
          uniq_crazy_yiuf_cottage, uniq_natasha
D:3:      minmay_diamond_boxcup, layout_loops_ring, okawaru_gym_becter,
          first_ration
D:4:      wad_pebble_path, layout_rooms, lemuel_doored_altar, minmay_lizard_king
D:5:      layout_loops_ring
D:6:      layout_loops_corners, kiku_gazebo_garden_becter,
          trog_eyes_of_draining, uniq_menkaure, uniq_edmund, uniq_pikel
D:7:      layout_basic, bloody_makhleb, minmay_temple_entry_large_hall,
          basic_altar, minmay_misc_feat_doors, grunt_livestock
D:8:      layout_basic, overflow_temple_1_default, led_sif_book,
          lemuel_coloured_pillars_altar, overflow_temple_1_default,
          chequers_ossuary_entry_cave, uniq_joseph
D:9:      layout_roguey, lemuel_crystal_altar, lemuel_crystal_altar,
          minmay_lair_entry_grove
D:10:     layout_roguey, uniq_nergalle
D:11:     layout_cave_pools, orc_david_3
D:12:     thingy_vault, layout_rooms, uniq_psyche
D:13:     layout_irregular_city, lightli_corner_chamber
D:14:     layout_cave_pods, david_vaults_2, minivault_14, palyth_stone_intersect

Skill      XL: |  1  2  3  4  5  6  7  8  9 10 11 12 13 |
---------------+----------------------------------------+-----
Spellcasting   | 3 4 5 6 7 8 9 10 11 13 | 13.8
Ice Magic      | 4 5 6 7 8 9 10 | 10.2
Fighting       | 1 2 3 4 5 6 |  6.5
Armour         | 1 |  1.3
Stealth        | 2 3 4 5 6 |  6.1
Polearms       | 1 3 5 6 7 8 |  8.6
Dodging        | 2 3 4 5 6 |  6.0
Charms         | 1 2 |  2.2
Summonings     | 1 2 4 |  4.4
Shields        | |  0.8
Unarmed Combat | |  0.7
Evocations     | |  0.6

Action                   |  1- 3 |  4- 6 |  7- 9 | 10-12 | 13-15 || total
-------------------------+-------+-------+-------+-------+-------++-------
Melee: Unarmed           |     9 |   153 |    42 |       |       ||   204
       Spear             |       |       |   270 |   796 |   123 ||  1189
 Cast: Freeze            |    58 |    78 |    49 |    29 |       ||   214
       Frozen Ramparts   |     1 |    11 |    20 |    60 |    18 ||   110
       Ozocubu's Armour  |       |     1 |     9 |    13 |     3 ||    26
       Summon Ice Beast  |       |       |     1 |    70 |    27 ||    98
Invok: Potion Petition   |       |       |       |     2 |       ||     2
       Call Merchant     |       |       |       |     2 |       ||     2
Evoke: Wand              |       |       |       |     3 |     2 ||     5
       Phantom mirror    |       |       |       |     1 |       ||     1
  Use: Scroll            |       |       |     9 |     7 |       ||    16
 Stab: Sleeping          |     1 |       |    13 |    18 |     3 ||    35
       Distracted        |       |       |     1 |     4 |     1 ||     6
Armor: Leather armour    |    12 |    13 |       |       |       ||    25
       Robe              |       |     3 |    61 |   129 |    24 ||   217
Dodge: Dodged            |    36 |    51 |   160 |   322 |    49 ||   618
Block: Buckler           |       |       |       |    21 |    15 ||    36
